 Dungeon Crawl Stone Soup version 0.29-a0-515-g7c1fb6cc08 (webtiles) character file.

Game seed: 17609316126762598717

362599 Kenran the Slayer (level 21, -2/174 (189) HPs)
             Began as a Vampire Berserker on May 29, 2022.
             Was the Champion of Trog.
             Killed from afar by a shadow dragon (18 damage)
             ... with a bolt of negative energy
             ... on level 2 of the Depths on May 30, 2022.
             The game lasted 01:54:37 (44259 turns).

Kenran the Slayer (Vampire Berserker)              Turns: 44259, Time: 01:54:37

HP:   -2/174 (189)  AC: 44    Str: 28      XL:     21   Next: 52%
MP:   18/18         EV: 15    Int: 13 (14) God:    Trog [******]
Gold: 2229          SH:  0    Dex: 19      Spells: 20/20 levels left

rFire   + . .      SeeInvis +   a - +12 pair of quick blades "Gyre" and "Gimble" {protect}
rCold   + . .      Faith    .   (shield currently unavailable)
rNeg    . . .      Spirit   .   h - +9 plate armour {rF+}
rPois   +          Reflect  .   f - +2 helmet {Int+3}
rElec   +          Harm     .   o - +0 cloak {rPois}
rCorr   +          Rampage  .   (no gloves)
Will    +++++                   W - +4 pair of boots of Ciwist {rElec Will+++ Str+2 Int-3}
Stlth   ..........              x - amulet of regeneration
HPRegen 2.39/turn               Z - ring "Harrutag" {Fly Int+2}
MPRegen 0.16/turn               r - ring "Ekaupn" {rC+ rCorr Str+4 Dex+3}

@: strong-willed, under a protective aura, flying, regenerating, slowed,
drained, unable to read, very slow
A: alive, fangs 3, see invisible, vampiric 2, deterioration 1, low MP 1,
screaming 1, inability to read while threatened
}: 2/15 runes: serpentine, barnacled
a: Exsanguinate, Renounce Religion, Berserk, Trog's Hand, Brothers in Arms


You were on level 2 of the Depths.
You worshipped Trog.
Trog was exalted by your worship.
You visited 7 branches of the dungeon, and saw 37 of its levels.
You also visited: Gauntlet, Ice Cave and Wizlab.

You collected 3657 gold pieces.
You spent 1428 gold pieces at shops.

Inventory:

Hand Weapons
 a - the +12 pair of quick blades "Gyre" and "Gimble" (weapon) {protect}
   (You found it on level 6 of the Lair of Beasts)

   It grants its wielder temporary protection when it strikes (+7 to AC).
 s - the +9 double sword of Trog's Indignation {flame, Str+4}
   (Trog gifted it to you on level 2 of the Vaults)

   It burns those it strikes, dealing additional fire damage.
   Big, fiery blades are also staple armaments of hydra-hunters.
   Str:       It affects your strength (+4).
Missiles
 K - 6 throwing nets (quivered)
Armour
 f - a +2 helmet of intelligence (worn)
 h - a +9 plate armour of fire resistance (worn)
 i - a +0 pair of gloves
 o - a +0 cloak of poison resistance (worn)
 V - a +0 buckler of reflection
 W - the +4 pair of boots of Ciwist (worn) {rElec Will+++ Str+2 Int-3}
   (You found it in a Gauntlet)

   Str:       It affects your strength (+2).
   Int:       It affects your intelligence (-3).
   rElec:     It insulates you from electricity.
   Will:      It greatly increases your willpower.
Jewellery
 c - the ring of Talec {+Blink rF+ Str+4}
   (You bought it in a shop on level 2 of the Shoals)

   [ring of protection from fire]

   Str:       It affects your strength (+4).
   rF:        It protects you from fire.
   +Blink:    It lets you blink.
 k - the ring "Muiry" {Fly rN+ Str+2 Dex+2}
   (You found it in a wizard's laboratory)

   [ring of flight]

   Str:       It affects your strength (+2).
   Dex:       It affects your dexterity (+2).
   rN:        It protects you from negative energy.
   Fly:       It grants you flight.
 r - the ring "Ekaupn" (right hand) {rC+ rCorr Str+4 Dex+3}
   (You bought it in a shop on level 2 of the Orcish Mines)

   [ring of resist corrosion]

   Str:       It affects your strength (+4).
   Dex:       It affects your dexterity (+3).
   rC:        It protects you from cold.
   rCorr:     It protects you from acid and corrosion.
 x - an amulet of regeneration (around neck)
 z - a +4 ring of protection
 B - an amulet of guardian spirit
 G - an amulet of magic regeneration
 Z - the ring "Harrutag" (left hand) {Fly Int+2}
   (You found it on level 13 of the Dungeon)

   [ring of flight]

   Int:       It affects your intelligence (+2).
   Fly:       It grants you flight.
Wands
 m - a wand of paralysis (4)
 y - a wand of acid (8)
 F - a wand of flame (75)
 L - a wand of charming (8)
 M - a wand of iceblast (27)
 Q - a wand of polymorph (40)
Scrolls
 b - 2 scrolls of enchant armour
 j - 2 scrolls of torment {!r}
 l - 10 scrolls of vulnerability {!r}
 p - 6 scrolls of magic mapping
 q - 12 scrolls of teleportation
 t - 7 scrolls of immolation {!r}
 u - 7 scrolls of fear
 w - 10 scrolls of fog
 C - a scroll of brand weapon
 D - 9 scrolls of blinking
 I - 10 scrolls of poison
 T - a scroll of enchant weapon
 X - 4 scrolls of summoning
Potions
 d - 5 potions of might
 e - 9 potions of lignification {!q}
 g - 8 potions of heal wounds {@q2}
 n - 18 potions of curing {@q1}
 v - 6 potions of resistance
 A - a potion of magic
 H - 4 potions of attraction {!q}
 J - 7 potions of haste
 N - 4 potions of cancellation {unknown}
 O - 6 potions of flight
 P - 3 potions of mutation {!q}
 R - 2 potions of berserk rage {!q}
 S - 3 potions of invisibility
 Y - 2 potions of ambrosia
Miscellaneous
 E - a condenser vane


   Skills:
 - Level 22.0 Fighting
 - Level 10.2(15.8) Short Blades
 - Level 17.7(18.5) Long Blades
 + Level 16.1 Armour
 + Level 12.9 Dodging
 - Level 5.0 Shields
 + Level 14.6 Evocations


You had 20 spell levels left.
You didn't know any spells.
Your spell library was empty.

Dungeon Overview and Level Annotations

Branches:
Dungeon (15/15)            Temple (0/1) D:7            Lair (6/6) D:10
 Shoals (4/4) Lair:4        Snake (4/4) Lair:4        Slime (0/5) Lair:5
    Orc (2/2) D:12            Elf (0/3) Orc:2        Vaults (4/5) D:14
  Crypt (0/3) Vaults:3     Depths (2/4) D:15          IceCv (visited)
 WizLab (visited)         Gauntlet (visited)

Altars:
Fedhas
Okawaru
Qazlal
Ru
Beogh
Jiyva
Lugonu

Shops:
D:3 (   D:8 [   D:13 :   Orc:1 [   Orc:2 [(=[*   Shoals:2 *   Snake:3 *=(
Depths:1 ((   Depths:2 :!(

Portals:
Hell: Depths:1 Depths:2
Abyss: Lair:6
Ziggurat: Depths:1

Annotations:
Shoals:1 3 runed translucent doors, Canup's ghost, adept DgEE
Vaults:4 3 runed translucent doors, Boris; Heedrag's ghost, adept DsCj


Innate Abilities, Weirdness & Mutations

Your natural rate of healing is accelerated.
You have razor-sharp teeth.
You have supernaturally acute eyesight. (SInv)
You are afflicted with vampirism and can become a bat while bloodless.
Your body sometimes deteriorates upon taking damage.
Your magical capacity is low. (-10% MP)
You occasionally shout uncontrollably at your foes.
You sometimes lose the ability to read scrolls when taking damage.


Message History

The vampire knight bites you but does no damage.
The Tzitzimitl calls on the powers of darkness!
Your body is wracked with pain!
You feel threatened and lose the ability to read scrolls!
* * * LOW HITPOINT WARNING * * *
The shadow dragon convulses!
Your troll convulses!
Your cyclops convulses!
The shadow dragon bites you but does no damage.
The shadow dragon completely misses you.
The shadow dragon claws you.
* * * LOW HITPOINT WARNING * * *
The rakshasa weaves an illusion.
The vampire knight shimmers and seems to become two!
Your cyclops hits the shadow dragon!!
Your troll closely misses the vampire knight.
Your troll claws the vampire knight but does no damage.
Your troll claws the vampire knight!!
The vampire knight misses you.
The vampire knight bites you but does no damage.
You feel much better.
The vampire knight draws life force from you!
* * * LOW HITPOINT WARNING * * *
The vampire knight is healed by the life force!
The vampire knight hits you with a +0 great mace!
* * * LOW HITPOINT WARNING * * *
The vampire knight barely misses you.
Your troll bites the vampire knight.
Your troll claws the vampire knight!
Your troll barely misses the vampire knight.
The vampire knight gestures at your troll while chanting.
Your troll suddenly stops moving!
The Tzitzimitl engulfs you!
* * * LOW HITPOINT WARNING * * *
The Tzitzimitl drains your vigour!
You feel as though you will be slow longer.
The Tzitzimitl bites you!
* * * LOW HITPOINT WARNING * * *
You feel drained.
* * * LOW HITPOINT WARNING * * *
The shadow dragon breathes negative energy at you.
The bolt of negative energy hits you!!
You feel drained.
You die...

..[ ... #.. #..
##.. .. #..# #R
..#..
#..###1###..#..
.#§.')V@D.§#§§#
.§§.'TV'C.§§§§#
.#..##.##.§#§§#
..# ###..#..# .
#..#§.# ......#
#. #.§#..#
......#
§#§§#.§#§.##
..|...#
#§§§§.#.§§§.#
......#
§§#..#.§#§.#
#....###


You could see a shadow dragon (catching breath, ally target), a Tzitzimitl, 2
vampire knights, a rakshasa, a friendly cyclops (summoned, berserk) and a
friendly troll (summoned, berserk, paralysed).

Vanquished Creatures
  Mara (Vaults:2)
  Boris (Vaults:2)
  Frederick (Vaults:4)
  Margery (Vaults:4)
  Vashnia (Snake:3)
  A Cloud Mage (WizLab)
  Jorgrun (D:15)
  The ghost of Timehuis the Marksant, an adept FoAr of Gozag (Snake:3)
  The ghost of Morbidden the Eclecticist, an adept DrCj of Cheibriados (Vaults:1)
  6 sphinxes
  Kirke (Shoals:4)
  Gastronok (Lair:1)
  Agnes (D:14)
  A tengu reaver (Vaults:3)
  Ilsuiw (Shoals:2)
  A fire giant (Depths:2)
  5 nagarajas (Snake:4)
  2 frost giants
  Aizul (Snake:1)
  11 vault wardens
  3 orc warlords
  17 ironbound preservers
  A broodmother (shapeshifter) (Gauntlet)
  A vampire knight (Vaults:3)
  6 ironbound thunderhulks
  2 war gargoyles (Vaults:4)
  4 stone giants (Depths:1)
  9 very ugly things
  A juggernaut skeleton (Depths:1)
  11 dire elephants
  A deep elf annihilator (Vaults:2)
  Azrael (D:15)
  2 entropy weavers (Vaults:4)
  6 spark wasps (WizLab)
  2 minotaurs
  Snorg (D:14)
  4 merfolk javelineers
  A deep elf death mage (Vaults:4)
  A fire dragon (Depths:1)
  An ettin (Depths:1)
  4 merfolk impalers
  A deep elf high priest (Vaults:1)
  A blizzard demon (WizLab)
  A jiangshi (Vaults:3)
  12 yaktaur captains
  Erolcha (D:13)
  8 great orbs of eyes
  4 rakshasas
  9 vault guards
  3 ghost crabs (WizLab)
  Harold (Lair:1)
  A boulder beetle (Vaults:4)
  3 ice dragons
  15 hydras
  2 peacekeepers (Vaults:4)
  3 salamander tyrants
  6 spriggan air magi
  3 merfolk avatars
  5 anacondas
  6 ironbound frosthearts
  10 naga warriors
  An ogre mage (Vaults:1)
  An alligator snapping turtle (Shoals:2)
  3 two-headed ogres
  A death knight (Vaults:3)
  7 centaur warriors
  2 merfolk aquamancers (Shoals:1)
  4 tengu warriors
  2 deep troll earth magi
  17 satyrs
  12 death yaks
  A deep troll shaman (Depths:2)
  3 orc high priests (Orc:2)
  9 shock serpents
  Urug (Orc:2)
  19 naga sharpshooters
  A spriggan berserker (Depths:1)
  3 thrashing horrors (Lair:6)
  A vampire mage (Depths:2)
  Sonja (Lair:1)
  2 hell knights (Vaults:4)
  Nergalle (Orc:2)
  4 iron trolls (Depths:1)
  5 salamander mystics
  5 shadow wraiths (Depths:2)
  Amaemon (Lair:3)
  6 death drakes
  51 deep trolls
  13 sea snakes
  13 ironbound convokers
  3 necromancers
  2 shadow demons (Depths:2)
  2 skeletal warriors (D:13)
  3 naga ritualists
  9 wizards
  11 lindwurms
  10 orc knights
  10 harpies
  A phantasmal warrior (Vaults:3)
  2 deep elf pyromancers
  6 mana vipers
  A frost giant zombie (Depths:1)
  5 orc sorcerers
  41 ugly things
  30 fauns
  6 cyclopes
  12 manticores
  3 elephants (Lair:6)
  3 water nymphs
  11 salamanders
  15 vault sentinels
  An elephant (shapeshifter) (D:15)
  A black mamba (shapeshifter) (D:14)
  An ice statue (Gauntlet)
  12 merfolk sirens
  3 guardian serpents
  2 stone giant skeletons (Vaults:1)
  5 apocalypse crabs (WizLab)
  17 naga magi
  A smoke demon (Lair:6)
  38 black mambas
  An orange demon (Lair:3)
  3 gargoyles
  12 cane toads
  3 unseen horrors (shapeshifter)
  5 efreet
  10 komodo dragons
  49 yaktaurs
  A freezing wraith (D:15)
  4 rime drakes
  5 tengu conjurers
  A rime drake (shapeshifter) (Gauntlet)
  An elf skeleton (Vaults:1)
  An entropy weaver simulacrum (IceCv)
  A spriggan skeleton (Depths:1)
  32 merfolk
  3 polar bears
  2 ancient zymes (Lair:6)
  7 wind drakes
  6 hornets
  9 trolls
  A tarantella (Vaults:1)
  9 blink frogs (Lair:6)
  27 slime creatures
  9 snapping turtles
  13 dream sheep
  A large abomination (Lair:6)
  10 air elementals (WizLab)
  2 shadows (D:12)
  3 spriggans
  A vampire (D:9)
  11 water elementals
  2 wraiths
  20 humans (D:14)
  11 basilisks
  4 fire elementals (D:15)
  2 ynoxinuls (Lair:6)
  5 hogs (Shoals:4)
  55 yaks
  3 steam dragons
  3 chaos spawn (Lair:6)
  A wyvern (Lair:6)
  6 redbacks
  A human simulacrum (Vaults:1)
  6 vampire mosquitoes
  5 wargs (Orc:2)
  2 death yak simulacra (IceCv)
  39 nagas
  4 acid dragons
  11 water moccasins
  A glowing shapeshifter skeleton (Depths:1)
  4 hell hounds (D:15)
  8 small abominations (Lair:6)
  4 black bears
  35 orc warriors
  2 ice beasts
  5 ogres
  5 boggarts (Vaults:4)
  6 wolves (Lair:2)
  7 centaurs
  3 phantoms
  A kobold brigand (D:9)
  Blork the orc (D:4)
  10 bullfrogs
  A necrophage (D:6)
  3 gnoll sergeants
  8 scorpions
  A cane toad simulacrum (IceCv)
  3 troll zombies (D:12)
  9 wights
  25 orc priests
  A hound (D:6)
  Crazy Yiuf (D:3)
  2 iguanas
  27 orc wizards
  5 hell rats (Lair:3)
  3 wolf simulacra (IceCv)
  5 ogre zombies (D:12)
  A boggart simulacrum (D:14)
  Robin (D:3)
  19 gnolls
  4 adders
  6 river rats (Lair:3)
  3 white imps
  5 ufetubi
  A worm (D:2)
  6 dart slugs
  55 orcs
  4 bats
  6 endoplasms
  5 giant cockroaches
  10 hobgoblins
  5 jackals
  2 quokkas
  9 ball pythons
  A frilled lizard (D:1)
  16 goblins
  A goblin zombie (D:12)
  2 hobgoblin skeletons (D:12)
  12 kobolds
  5 orc skeletons (D:12)
  18 orc zombies
  10 rats
  A plant (Shoals:4)
1488 creatures vanquished.

Vanquished Creatures (collateral kills)
  Bai Suzhen (Vaults:2)
  2 vampire knights (Depths:2)
  2 lindwurms (Vaults:2)
  4 yaktaurs (Vaults:2)
9 creatures vanquished.

Vanquished Creatures (others)
  A spriggan air mage (WizLab)
  2 air elementals (WizLab)
  A human (Shoals:4)
  An orc priest (Orc:2)
  An orc (Orc:1)
  11 demonic plants (D:3)
  40 fungi
  85 plants
  4 withered plants (D:3)
146 creatures vanquished.

Grand Total: 1643 creatures vanquished

Notes
Turn   | Place    | Note
-------+----------+-------------------------------------------
     0 | D:1      | Kenran the Vampire Berserker began the quest for the Orb.
     0 | D:1      | Reached XP level 1. HP: 17/17 MP: 1/1
     3 | D:1      | Noticed an electric eel
     3 | D:1      | Noticed an electric eel
   223 | D:1      | Found Egoumn's General Store.
   255 | D:1      | Reached XP level 2. HP: 23/23 MP: 2/2
  1167 | D:2      | Gained mutation: You are afflicted with vampirism and can
                  | become a bat while bloodless. [Vampire growth]
  1167 | D:2      | Reached XP level 3. HP: 28/28 MP: 3/3
  1670 | D:3      | Noticed Robin
  1827 | D:3      | Reached ** piety under Trog
  1830 | D:3      | Killed Robin
  1951 | D:3      | Reached skill level 5 in Long Blades
  1951 | D:3      | Reached XP level 4. HP: 34/34 MP: 4/4
  1962 | D:3      | Reached skill level 3 in Fighting
  2011 | D:3      | Found a faded altar of an unknown god.
  2037 | D:3      | Found a runed translucent door.
  2038 | D:3      | Noticed Crazy Yiuf
  2252 | D:3      | Found Nunaiqag's Weapon Shoppe.
  2669 | D:3      | Killed Crazy Yiuf
  2670 | D:3      | Reached XP level 5. HP: 41/41 MP: 5/5
  3164 | D:4      | Noticed a black bear
  3178 | D:4      | Killed a black bear
  3179 | D:4      | Reached XP level 6. HP: 47/47 MP: 6/6
  3274 | D:4      | Reached skill level 1 in Shields
  3352 | D:4      | Noticed Blork the orc
  3359 | D:4      | Killed Blork the orc
  3804 | D:5      | Entered Level 5 of the Dungeon
  3978 | D:5      | Reached XP level 7. HP: 48/52 MP: 7/7
  4244 | D:5      | Reached skill level 4 in Fighting
  4448 | D:5      | Reached *** piety under Trog
  4666 | D:5      | Reached skill level 5 in Fighting
  4666 | D:5      | Reached XP level 8. HP: 54/62 MP: 8/8
  5715 | D:7      | Found a staircase to the Ecumenical Temple.
  6111 | D:7      | Noticed a hornet
  6121 | D:7      | Reached XP level 9. HP: 68/68 MP: 9/9
  6130 | D:7      | Reached skill level 5 in Armour
  6297 | D:7      | Reached skill level 6 in Fighting
  6560 | D:3      | Bought a +4 rapier of flaming for 292 gold pieces
  6889 | D:8      | Reached skill level 5 in Short Blades
  7135 | D:8      | Found Bocaceth's Armour Emporium.
  7414 | D:9      | Noticed a troll
  7422 | D:9      | Killed a troll
  7643 | D:9      | Reached XP level 10. HP: 76/76 MP: 10/10
  7726 | D:9      | Reached **** piety under Trog
  8267 | D:10     | Entered Level 10 of the Dungeon
  8267 | D:10     | Noticed a two-headed ogre
  8276 | D:10     | Killed a two-headed ogre
  8655 | D:10     | Found a stormy altar of Qazlal.
  8681 | D:10     | Noticed a gargoyle
  8695 | D:10     | Killed a gargoyle
  8696 | D:10     | Reached skill level 7 in Fighting
  8974 | D:10     | Reached skill level 10 in Short Blades
  9101 | D:10     | Found a staircase to the Lair.
  9253 | Lair:1   | Entered Level 1 of the Lair of Beasts
  9253 | Lair:1   | Noticed a cane toad
  9253 | Lair:1   | Noticed a cane toad
  9263 | D:10     | Killed a cane toad
  9317 | D:10     | Killed a cane toad
  9430 | Lair:1   | Noticed a cane toad
  9438 | Lair:1   | Killed a cane toad
  9439 | Lair:1   | Reached XP level 11. HP: 84/84 MP: 11/11
  9594 | Lair:1   | Noticed Gastronok
  9594 | Lair:1   | Noticed Sonja
  9600 | Lair:1   | Killed Sonja
  9601 | Lair:1   | Reached skill level 8 in Fighting
  9608 | Lair:1   | Killed Gastronok
 10170 | Lair:1   | Noticed Harold
 10186 | Lair:1   | Killed Harold
 10187 | Lair:1   | Reached skill level 9 in Fighting
 10187 | Lair:1   | Reached skill level 5 in Shields
 10711 | Lair:1   | Reached skill level 1 in Evocations
 10944 | Lair:2   | Noticed a death yak
 10944 | Lair:2   | Noticed a death yak
 10945 | Lair:2   | Noticed a death yak
 10945 | Lair:2   | Noticed a death yak
 10945 | Lair:2   | Noticed a death yak
 10947 | Lair:2   | Noticed a death yak
 10976 | Lair:2   | Killed a death yak
 10977 | Lair:2   | Reached XP level 12. HP: 77/95 MP: 12/12
 10985 | Lair:2   | Killed a death yak
 10994 | Lair:2   | Killed a death yak
 10995 | Lair:2   | Reached skill level 10 in Long Blades
 11227 | Lair:2   | Killed a death yak
 11234 | Lair:2   | Killed a death yak
 11245 | Lair:2   | Killed a death yak
 11592 | Lair:2   | Noticed a five-headed hydra
 11602 | Lair:2   | Killed a five-headed hydra
 11847 | Lair:3   | Noticed a six-headed hydra
 11910 | Lair:2   | Killed a six-headed hydra
 12319 | Lair:3   | Noticed an eight-headed hydra
 12332 | Lair:3   | Killed an eight-headed hydra
 12333 | Lair:3   | Reached skill level 10 in Fighting
 12581 | Lair:3   | Noticed Amaemon
 12593 | Lair:3   | Killed Amaemon
 12921 | Lair:4   | Noticed a four-headed hydra
 12934 | Lair:4   | Noticed a death yak
 12971 | Lair:4   | Noticed a death yak
 12972 | Lair:4   | Noticed a death yak
 12975 | Lair:4   | Noticed a death yak
 12978 | Lair:4   | Noticed a death yak
 12981 | Lair:4   | Killed a death yak
 12982 | Lair:4   | Reached XP level 13. HP: 103/103 MP: 13/13
 13009 | Lair:4   | Reached skill level 5 in Evocations
 13060 | Lair:4   | Found a staircase to the Snake Pit.
 13574 | Lair:4   | Found a staircase to the Shoals.
 14070 | Lair:5   | Identified the +8 halberd of the Ring {venom, rCorr Dex+4}
 14328 | Lair:5   | Found a viscous altar of Jiyva.
 14330 | Lair:5   | Found a staircase to the Slime Pits.
 14649 | Lair:6   | Entered Level 6 of the Lair of Beasts
 14689 | Lair:6   | Reached skill level 10 in Armour
 14862 | Lair:6   | Found a frozen archway.
 14906 | IceCv    | Entered an ice cave
 14981 | IceCv    | Reached skill level 11 in Fighting
 15607 | Lair:6   | Reached skill level 5 in Dodging
 16117 | Lair:6   | Reached XP level 14. HP: 102/113 MP: 14/14
 16614 | Lair:6   | Reached skill level 12 in Fighting
 16836 | Lair:6   | Found the +12 pair of quick blades "Gyre" and "Gimble"
                  | {protect}
 16938 | Lair:6   | Identified the +2 long sword of Ylluice {antimagic, rPois
                  | SInv}
 17046 | Lair:6   | Found a corrupted altar of Lugonu.
 17046 | Lair:6   | Found a one-way gate to the infinite horrors of the Abyss.
 17303 | D:11     | Found a gate leading to a gauntlet.
 17330 | Gauntlet | Entered a Gauntlet
 17330 | Gauntlet | Found a transporter.
 17368 | Gauntlet | Found a transporter.
 17383 | Gauntlet | Found a transporter.
 17388 | Gauntlet | Found a transporter.
 17403 | Gauntlet | Found a transporter.
 17422 | Gauntlet | Found a transporter.
 17430 | Gauntlet | Found a large runed translucent door.
 17431 | Gauntlet | Found a large runed translucent door.
 17432 | Gauntlet | Found a large runed translucent door.
 17432 | Gauntlet | Found a large runed translucent door.
 17433 | Gauntlet | Found a runed translucent gate.
 17434 | Gauntlet | Found a transporter.
 17434 | Gauntlet | Found a runed translucent gate.
 17435 | Gauntlet | Found a runed translucent gate.
 17436 | Gauntlet | Found a large runed translucent door.
 17436 | Gauntlet | Found a large runed translucent door.
 17437 | Gauntlet | Found a large runed translucent door.
 17438 | Gauntlet | Found a large runed translucent door.
 17446 | Gauntlet | Found a transporter.
 17458 | Gauntlet | Found a transporter.
 17464 | Gauntlet | Found a transporter.
 17464 | Gauntlet | Found a transporter.
 17479 | Gauntlet | Found a transporter.
 17496 | Gauntlet | Found a transporter.
 17516 | Gauntlet | Found a transporter.
 17543 | Gauntlet | Found a transporter.
 17563 | Gauntlet | Found a transporter.
 17637 | Gauntlet | Found a large runed translucent door.
 17637 | Gauntlet | Found a large runed translucent door.
 17637 | Gauntlet | Found a runed translucent door.
 17637 | Gauntlet | Found a runed translucent door.
 17638 | Gauntlet | Found a large runed translucent door.
 17639 | Gauntlet | Found a large runed translucent door.
 17641 | Gauntlet | Found a transporter.
 17657 | Gauntlet | Found a large runed translucent door.
 17657 | Gauntlet | Found a large runed translucent door.
 17658 | Gauntlet | Found a large runed translucent door.
 17659 | Gauntlet | Found a large runed translucent door.
 17665 | Gauntlet | Found a transporter.
 18073 | Gauntlet | Noticed a broodmother
 18073 | Gauntlet | a slime creature changed into a broodmother
 18080 | Gauntlet | Killed a broodmother
 18114 | Gauntlet | Identified the +4 pair of boots of Ciwist {rElec Will+++
                  | Str+2 Int-3}
 18613 | D:12     | Reached ***** piety under Trog
 18619 | D:12     | Found a staircase to the Orcish Mines.
 18682 | D:12     | Received a gift from Trog
 19134 | D:13     | Noticed Erolcha
 19161 | D:13     | Killed Erolcha
 19847 | D:13     | Found Nakk's Book Boutique.
 20009 | D:13     | Identified the ring "Harrutag" {Fly Int+2}
 20062 | D:13     | Found an iron altar of Okawaru.
 20332 | D:14     | Noticed Agnes
 20344 | D:14     | Killed Agnes
 20345 | D:14     | Reached skill level 13 in Fighting
 20535 | D:14     | Reached XP level 15. HP: 114/124 MP: 15/15
 20777 | D:14     | Noticed Snorg
 20786 | D:14     | Killed Snorg
 21009 | D:14     | Received a gift from Trog
 21052 | D:14     | Found a gate to the Vaults.
 21116 | D:14     | Reached skill level 14 in Fighting
 21674 | Orc:1    | Entered Level 1 of the Orcish Mines
 21821 | Orc:1    | Found Rotoeca's Armour Shop.
 22053 | Orc:2    | Entered Level 2 of the Orcish Mines
 22330 | Orc:2    | Noticed Nergalle
 22353 | Orc:2    | Killed Nergalle
 22362 | Orc:2    | Noticed an orc warlord
 22401 | Orc:1    | Killed an orc warlord
 22544 | Orc:2    | Found Xitatien's Antique Armour Shoppe.
 22561 | Orc:2    | Found a staircase to the Elven Halls.
 22572 | Orc:2    | Reached ****** piety under Trog
 22774 | Orc:2    | Received a gift from Trog
 22776 | Orc:2    | Noticed Urug
 22796 | Orc:2    | Killed Urug
 22817 | Orc:2    | Found Ucawuumimonn's Armour Boutique.
 22922 | Orc:2    | Bought a +0 cloak of poison resistance for 127 gold pieces
 23014 | Orc:2    | Found Kase's Jewellery Shoppe.
 23021 | Orc:2    | Bought the ring "Ekaupn" {rC+ rCorr Str+4 Dex+3} for 487
                  | gold pieces
 23033 | Orc:2    | Found Kiske's Antique Weapon Shoppe.
 23169 | Orc:2    | Found Elakac's General Store.
 23175 | Orc:2    | Bought a scroll of identify for 26 gold pieces
 23175 | Orc:2    | Bought a potion of heal wounds for 65 gold pieces
 23175 | Orc:2    | Bought a potion of haste for 130 gold pieces
 23175 | Orc:2    | Bought a scroll of identify for 26 gold pieces
 23176 | Orc:2    | Identified a scroll of acquirement
 23178 | Orc:2    | Acquired a manual of Long Blades
 23846 | D:15     | Entered Level 15 of the Dungeon
 24031 | D:15     | Found a staircase to the Depths.
 24190 | D:15     | Found a sacrificial altar of Ru.
 24312 | D:15     | Received a gift from Trog
 24317 | D:15     | Noticed Azrael
 24343 | D:15     | Killed Azrael
 24510 | D:15     | Noticed Jorgrun
 24521 | D:15     | Killed Jorgrun
 24600 | D:15     | Reached XP level 16. HP: 121/133 MP: 16/16
 24896 | Snake:1  | Entered Level 1 of the Snake Pit
 24896 | Snake:1  | You fall into a shaft and drop 1 floor!
 25827 | Snake:1  | Noticed Aizul
 25846 | Snake:1  | Killed Aizul
 26229 | Snake:2  | Reached skill level 15 in Fighting
 26266 | Snake:2  | Received a gift from Trog
 26868 | Snake:3  | Reached skill level 16 in Fighting
 26881 | Snake:3  | Noticed Vashnia
 27161 | Snake:3  | Killed Vashnia
 27576 | Snake:3  | Found Lelosaq's Assorted Antiques.
 27587 | Snake:3  | Found Ilen's Jewellery Emporium.
 27587 | Snake:3  | Found Rayc's General Store.
 27590 | Snake:3  | Found Ijail's Weapon Emporium.
 27836 | Snake:3  | Reached skill level 10 in Evocations
 27836 | Snake:3  | Reached XP level 17. HP: 128/144 MP: 17/17
 27839 | Snake:3  | Received a gift from Trog
 27933 | Snake:3  | Found a runed translucent door.
 27934 | Snake:3  | Noticed Timehuis's ghost (adept FoAr)
 28255 | Snake:3  | Killed Timehuis's ghost
 28299 | Snake:4  | Entered Level 4 of the Snake Pit
 28631 | Snake:4  | Identified the +9 quarterstaff of Matucunn {holy, Dex+4
                  | Stlth+}
 29330 | Snake:4  | Received a gift from Trog
 29424 | Snake:4  | Reached skill level 17 in Fighting
 29624 | Snake:4  | Got a serpentine rune of Zot
 29825 | Shoals:1 | Entered Level 1 of the Shoals
 29880 | Shoals:1 | Found a runed translucent gate.
 29880 | Shoals:1 | Found a runed translucent gate.
 29891 | Shoals:1 | Found a runed translucent gate.
 29892 | Shoals:1 | Noticed Canup's ghost (adept DgEE)
 30450 | Shoals:1 | Identified the +2 hat of Too Many Cooks {Dex+2 SInv}
 30930 | Shoals:1 | Reached skill level 18 in Fighting
 30930 | Shoals:1 | Reached skill level 15 in Long Blades
 31155 | Shoals:2 | Received a gift from Trog
 31303 | Shoals:2 | Found Buosat's Assorted Antiques.
 31311 | Shoals:2 | Bought a scroll of blinking for 165 gold pieces
 31311 | Shoals:2 | Bought a sparkling lead ring for 110 gold pieces
 31311 | Shoals:2 | Identified the ring of Talec {+Blink rF+ Str+4} (You bought
                  | it in a shop on level 2 of the Shoals)
 31493 | Shoals:2 | Noticed Ilsuiw
 31514 | Shoals:2 | Killed Ilsuiw
 31634 | Shoals:2 | Noticed a kraken
 31681 | Shoals:3 | Upgraded the game from 0.29-a0-509-g793eeb5391 to
                  | 0.29-a0-515-g7c1fb6cc08
 32013 | Shoals:3 | Received a gift from Trog
 32466 | Shoals:3 | Reached XP level 18. HP: 150/157 MP: 18/18
 32532 | Shoals:4 | Entered Level 4 of the Shoals
 32765 | Shoals:4 | Identified the +2 leather armour of Dim Light {rPois rC+
                  | Str+3}
 32813 | Shoals:4 | Noticed Kirke
 32846 | Shoals:4 | Killed Kirke
 33016 | Shoals:4 | Reached skill level 10 in Dodging
 33060 | Shoals:4 | Received a gift from Trog
 33069 | Shoals:4 | Identified the +7 great sword of Immorality {elec, *Noise
                  | Str+3 Int+3}
 33152 | Shoals:4 | Reached skill level 15 in Armour
 33270 | Shoals:4 | Got a barnacled rune of Zot
 33868 | Shoals:2 | Received a gift from Trog
 34491 | Vaults:1 | Entered Level 1 of the Vaults
 34550 | Vaults:1 | Reached skill level 19 in Fighting
 34954 | Vaults:1 | Received a gift from Trog
 35115 | Vaults:1 | Reached XP level 19. HP: 141/168 MP: 19/19
 35164 | Vaults:1 | Reached skill level 20 in Fighting
 35193 | Vaults:1 | Found a large runed translucent door.
 35193 | Vaults:1 | Found a large runed translucent door.
 35193 | Vaults:1 | Found a large runed translucent door.
 35193 | Vaults:1 | Found a large runed translucent door.
 35193 | Vaults:1 | Found a large runed translucent door.
 35193 | Vaults:1 | Found a large runed translucent door.
 35193 | Vaults:1 | Found a large runed translucent door.
 35193 | Vaults:1 | Found a large runed translucent door.
 35193 | Vaults:1 | Noticed Morbidden's ghost (adept DrCj)
 35626 | Vaults:1 | Received a gift from Trog
 36127 | Vaults:1 | Killed Morbidden's ghost
 36267 | Vaults:2 | Found a magical portal.
 36276 | WizLab   | Entered The Chambers of the Cloud Mage
 36284 | WizLab   | Paralysed by an air elemental for 1 turns
 36462 | WizLab   | Paralysed by an air elemental for 1 turns
 36675 | WizLab   | Paralysed by you for 4 turns
 36799 | WizLab   | Received a gift from Trog
 36907 | WizLab   | Paralysed by an air elemental for 1 turns
 36941 | WizLab   | Paralysed by an air elemental for 1 turns
 37004 | WizLab   | Identified the +1 robe "Amoam" {Will+}
 37004 | WizLab   | Noticed Qeit
 37023 | WizLab   | Killed Qeit the Cloud Mage
 37058 | WizLab   | Identified the ring "Muiry" {Fly rN+ Str+2 Dex+2}
 37064 | WizLab   | Identified the +0 dagger "Bekelyoj" {flame, Will+ Str+3
                  | Int+2}
 37515 | Vaults:2 | Noticed Boris
 37538 | Vaults:2 | Killed Boris
 37663 | Vaults:2 | Noticed Bai Suzhen
 37680 | Vaults:2 | Killed Bai Suzhen
 37734 | Vaults:2 | Identified the +11 glaive of Bownipap {pain, rPois Will+}
 37867 | Vaults:2 | Identified the +9 double sword of Trog's Indignation
                  | {flame, Str+4} (Trog gifted it to you on level 2 of the
                  | Vaults)
 37867 | Vaults:2 | Received a gift from Trog
 37909 | Vaults:2 | Noticed Mara
 37919 | Vaults:2 | Killed Mara
 37920 | Vaults:2 | Reached skill level 21 in Fighting
 38080 | Vaults:2 | Identified the +8 arbalest of the Beginning {flame, Will+
                  | Int-3 Dex+3}
 38118 | Vaults:2 | Reached XP level 20. HP: 173/180 MP: 20/20
 39101 | Vaults:3 | Received a gift from Trog
 39855 | Vaults:3 | Found a staircase to the Crypt.
 40419 | Vaults:4 | Received a gift from Trog
 40867 | Vaults:4 | Reached skill level 22 in Fighting
 40907 | Vaults:4 | Noticed Frederick
 40932 | Vaults:4 | Killed Frederick
 41016 | Vaults:4 | Noticed Margery
 41073 | Vaults:4 | Killed Margery
 41073 | Vaults:4 | Received a gift from Trog
 41375 | Vaults:4 | Found a runed translucent gate.
 41375 | Vaults:4 | Noticed Heedrag's ghost (adept DsCj)
 41375 | Vaults:4 | Identified the +2 plate armour of Plasticity {Regen+ Int+2}
 41376 | Vaults:4 | Found a runed translucent gate.
 41376 | Vaults:4 | Found a runed translucent gate.
 41377 | Vaults:4 | Noticed Boris
 41554 | Vaults:4 | Reached XP level 21. HP: 168/189 MP: 21/21
 41667 | Vaults:4 | Identified the +4 chain mail of Too Many Cooks {rPois rC-
                  | Str+3 Dex+3}
 42109 | Vaults:4 | Found the +10 Black Knight's barding {ponderous, rPois rN+}
 42383 | Depths:1 | Entered Level 1 of the Depths
 42393 | Depths:1 | Received a gift from Trog
 42399 | Depths:1 | Found a gateway to Hell.
 42474 | Depths:1 | Found a one-way gateway to a ziggurat.
 42748 | Depths:1 | Found a blossoming altar of Fedhas.
 43384 | Depths:1 | Found Ojyept's Weapon Boutique.
 43538 | Depths:1 | Found Gedewuc's Antique Weapon Shoppe.
 43814 | Depths:2 | Received a gift from Trog
 43911 | Depths:2 | Gained mutation: You occasionally shout uncontrollably at
                  | your foes. [mutagenic glow]
 43922 | Depths:2 | Gained mutation: Your body sometimes deteriorates upon
                  | taking damage. [mutagenic glow]
 43944 | Depths:2 | Gained mutation: You sometimes lose the ability to read
                  | scrolls when taking damage. [mutagenic glow]
 43962 | Depths:2 | Found Yreogaim's Distillery.
 43962 | Depths:2 | Gained mutation: Your magical capacity is low. (-10% MP)
                  | [mutagenic glow]
 44020 | Depths:2 | Found Atwujenn's Antique Weapon Shoppe.
 44022 | Depths:2 | Found Femmoez's Book Shoppe.
 44239 | Depths:2 | Found the +2 cloak of the Thief {*Fog Slay-2 SInv Stlth+}
 44244 | Depths:2 | Identified the +0 shadow dragon scales "Gynuff" {Rampage
                  | Str+4 Dex+6 Slay-5 Stlth++++}
 44259 | Depths:2 | Killed from afar by a shadow dragon

Illustrated notes

Levels and vault maps discovered:
D:1:      arrival_aquarium_b, layout_loops_ring, serial_shops, shop
D:2:      layout_basic, st_stairs_1
D:3:      layout_loops_ring, serial_shops, shop, shapermc_ecumenical_altar_gd,
          uniq_robin, uniq_crazy_yiuf_cottage
D:4:      layout_basic, uniq_blork_the_orc
D:5:      layout_basic
D:6:      layout_loops_ring, hangedman_decor_points
D:7:      layout_rooms, minmay_temple_entry_stoned_glass, serial_corexii_hall,
          chequers_hall_statues_corner_a, chequers_hall_statues_corner_a
D:8:      layout_basic, serial_shops, kennysheep_little_box
D:9:      layout_long_grid
D:10:     layout_loops_ring, nicolae_qazlal_scattered_showers,
          grunt_lair_entry_orc_guard_hut
D:11:     layout_rooms, gauntlet_entry_generic
D:12:     layout_cave_pools, zombieorc2_lemuel
D:13:     evilmike_horseshoe, layout_basic, serial_shops,
          nicolae_shop_window_shopping, okawaru_altar_gauntlet_db, uniq_erolcha
D:14:     layout_loops_corners, grunt_vaults_entry_tiered, uniq_snorg,
          uniq_agnes
D:15:     gammafunk_enter_depths_forms, layout_irregular_city,
          minmay_misc_feat_five, st_stairs_10,
          nicolae_ru_great_annihilating_truth, uniq_jorgrun, uniq_azrael
Lair:1:   layout_chaotic_city, serial_bayou_shore_a, uniq_sonja, uniq_harold,
          uniq_gastronok
Lair:2:   layout_hall_layers, grunt_megastairs_3
Lair:3:   layout_big_grid, kennysheep_abandoned_house, uniq_amaemon
Lair:4:   layout_loops_ring, elwin_shoals_entry_rocks,
          guppyfry_snake_entry_island
Lair:5:   layout_hall_layers, slime_altar_1
Lair:6:   hellmonk_lair_end_abyssal_woods, layout_hall_layers,
          portal_ice_cave_rime, minmay_stone_trees_medium, minivault_25
Shoals:1: layout_shoals, gammafunk_ghost_necromancy
Shoals:2: layout_shoals, serial_shops, shop, uniq_ilsuiw
Shoals:3: layout_shoals
Shoals:4: shoals_end_hellmonk_lost_city, uniq_kirke
Snake:1:  layout_gridlike, uniq_aizul
Snake:2:  layout_gridlike, serial_bayou_lagoon_b
Snake:3:  layout_misc_corridors, ebering_ghost_inner_flame,
          serial_bayou_shore_b, grunt_megastairs_5, minmay_shoptagon,
          uniq_vashnia
Snake:4:  minmay_snake_end_coiled, layout_basic
Orc:1:    nicolae_orc_accident_1, layout_caves, serial_shops, nicolae_shop_trees
Orc:2:    grunt_orc_cross, layout_diamond_mine, guppyfry_orc_lava_fort,
          uniq_urug
Vaults:1: advil_vaults_ghost_lines, nicolae_vaults_puzzle_piece,
          hangedman_vaults_stitches, nicolae_vaults_stairing_the_circle,
          hangedman_vaults_hat, nicolae_vaults_twisting_passages,
          vaults_dpeg_cross, v_misc_11, layout_vaults_big_cross,
          serial_hangedman_research, hangedman_research_toxicology
Vaults:2: mu_enter_wizlab_5, vaults_room_door_hall,
          ontoclasm_vaults_decontamination, ontoclasm_vaults_hangar, v_misc_3,
          v_rooms_2, nicolae_vaults_little_squares_3,
          nicolae_vaults_mini_display_case, layout_vaults_omnigrid, uniq_boris,
          uniq_mara, uniq_bai_suzhen
Vaults:3: minmay_crypt_entry_simple_sparse, ontoclasm_vaults_eye, v_misc_12,
          nicolae_vaults_circle_grid_a, hangedman_vaults_impose,
          vaults_room_octagon, ontoclasm_vaults_claustrophobia,
          vaults_dpeg_ring, hangedman_vaults_stagger, nicolae_vaults_theta,
          vaults_mumra_hex, grunt_vaults_focal, ontoclasm_vaults_misaligned,
          nicolae_vaults_diagonal_hallway_7, nicolae_vaults_border_crossing,
          layout_vaults_omnibox
Vaults:4: biasface_ghost_orc_armoury, v_misc_31, v_misc_28, vaults_room_corners,
          nicolae_vaults_what_the_h, hangedman_vaults_corner_blocks,
          hangedman_vaults_variations, nicolae_vaults_big_ls, v_misc_22,
          ontoclasm_vaults_ring_small, nicolae_vaults_asterisk,
          nicolae_vaults_little_squares_4, layout_vaults_maze_snakey,
          uniq_frederick, uniq_margery
Depths:1: layout_honeycomb, enter_ziggurat_d, hell_entry, fedhas_altar_2,
          serial_shops, nicolae_shop_hallway_stairs, shop,
          grunt_decor_mini_mirrors, kennysheep_small_spiral,
          serial_bayou_pond_e, nicolae_figureground_sparkle
Depths:2: regret_index_dithmenos_brocken_genspenst, layout_long_grid,
          rand_demon_pan_entry_5, pf_coc_iceberg, infiniplex_staircase_diamond,
          minmay_shop_star

Skill      XL: |  1  2  3  4  5  6  7  8  9 10 11 12 13 14 15 16 17 18 19 20 21 |
---------------+----------------------------------------------------------------+-----
Long Blades    | 4 5 6 7 9 11 12 14 15 17 | 17.7
Fighting       | 3 5 6 7 9 10 11 13 14 16 18 19 21 22 | 22.0
Armour         | 2 3 4 5 6 8 9 10 12 14 15 16 | 16.1
Shields        | 2 3 5 |  5.0
Short Blades   | 7 10 | 10.2
Evocations     | 1 4 6 7 10 13 14 | 14.6
Dodging        | 5 6 8 10 11 12 | 12.9

Action                   |  1- 3 |  4- 6 |  7- 9 | 10-12 | 13-15 | 16-18 | 19-21 || total
-------------------------+-------+-------+-------+-------+-------+-------+-------++-------
Melee: Falchion          |   104 |   141 |   240 |       |       |       |       ||   485
       Bite              |     6 |    22 |    38 |    88 |   323 |   421 |   553 ||  1451
       Punch             |     1 |       |       |       |       |       |       ||     1
       Rapier            |       |       |    75 |   687 |   737 |       |       ||  1499
       Pair of quick bla |       |       |       |       |  1184 |  2144 |  2283 ||  5611
Invok: Berserk           |     4 |     5 |    10 |    31 |    16 |     3 |     4 ||    73
       Trog's Hand       |       |       |       |     4 |     1 |     2 |     3 ||    10
       Brothers in Arms  |       |       |       |       |       |       |     7 ||     7
Evoke: Condenser vane    |       |       |       |     1 |       |     1 |     1 ||     3
       Wand              |       |       |       |       |       |       |     1 ||     1
  Use: Scroll            |     2 |     1 |     5 |     4 |    14 |    15 |     7 ||    48
       Potion            |       |       |       |       |       |     2 |     6 ||     8
 Stab: Sleeping          |     1 |       |       |       |       |       |       ||     1
       Distracted        |       |       |       |       |       |       |     1 ||     1
Armor: Plate armour      |    65 |    79 |   178 |   329 |   805 |   928 |   795 ||  3179
       Animal skin       |     2 |       |       |       |       |       |       ||     2
Dodge: Dodged            |    43 |    25 |   106 |   106 |   440 |   597 |   522 ||  1839
Block: Buckler           |    17 |    29 |    66 |   113 |   139 |       |       ||   364

Table legend: (Time is in decaauts)
 A = Elapsed time spent in this place.
 B = Non-inter-level travel time spent in this place.
 C = Inter-level travel time spent in this place.
 D = Time resting spent in this place.
 E = Time spent auto-exploring this place.
 F = Levels seen in this place.
 G = Mean time per level.
                   A        B        C        D        E       F      G
               +--------+--------+--------+--------+--------+-----+--------+
         Total |  40865 |  38200 |   2665 |   7268 |  20527 |  40 | 1021.6 |
       Dungeon |  14023 |  12886 |   1137 |   1905 |   8511 |  15 |  934.9 |
          Lair |   7575 |   7101 |    474 |   2084 |   3231 |   6 | 1262.5 |
        Shoals |   4058 |   3772 |    286 |    766 |   1492 |   4 | 1014.5 |
     Snake Pit |   4313 |   4107 |    206 |    849 |   2069 |   4 | 1078.2 |
  Orcish Mines |   1838 |   1678 |    160 |     95 |   1018 |   2 |  919.0 |
        Vaults |   5555 |   5214 |    341 |    658 |   3115 |   4 | 1388.8 |
        Depths |   1563 |   1504 |     59 |    333 |    657 |   2 |  781.5 |
      Ice Cave |    291 |    291 |      0 |    188 |      0 |   1 |  291.0 |
        Wizlab |    777 |    777 |      0 |    292 |     93 |   1 |  777.0 |
      Gauntlet |    869 |    869 |      0 |     94 |    338 |   1 |  869.0 |
               +--------+--------+--------+--------+--------+-----+--------+

Top non-repeatable levels by time:
  Lair:6: 2001 daAuts
    D:14: 1510 daAuts
  Lair:1: 1484 daAuts
Vaults:2: 1445 daAuts
Vaults:3: 1405 daAuts
Vaults:4: 1366 daAuts
Vaults:1: 1338 daAuts
   Orc:2: 1337 daAuts
  Lair:2: 1265 daAuts
 Snake:4: 1249 daAuts
Shoals:1: 1249 daAuts
Depths:1: 1163 daAuts
    D:10: 1151 daAuts
 Snake:2: 1129 daAuts
     D:7: 1125 daAuts
